 Dungeon Crawl Stone Soup version 0.27-a0-668-gb5737ff2c0 (webtiles) character file.

Game seed: 3935828229011115233

25 CurlyBrace the Ducker (level 2, -1/14 HPs)
             Began as a Felid Monk on Mar 18, 2021.
             Slain by an orc wizard
             ... wielding a +0 dagger
              (5 damage)
             ... on level 5 of the Dungeon.
             The game lasted 00:04:37 (376 turns).

CurlyBrace the Ducker (Felid Monk)                   Turns: 376, Time: 00:04:38

Health: -1/14      AC:  1    Str:  4 (7)  XL:     2   Next: 86%
Magic:  3/3        EV: 18    Int:  9 (11) God:
Gold:   46         SH:  0    Dex: 16 (18) Spells: 0/1 levels left
                                        Lives:  0   Deaths: 0

rFire    . . .     SeeInvis +     - Unarmed
rCold    . . .     Faith    .   (shield unavailable)
rNeg     . . .     Spirit   .   (armour unavailable)
rPois    .         Reflect  .   (helmet unavailable)
rElec    .         Harm     .   (cloak unavailable)
rCorr    .         Rampage  .   (gloves unavailable)
Will     .....                  (boots unavailable)
Stlth    +++.......             (no amulet)
HPRegen  0.04/turn              (no ring)
MPRegen  0.08/turn              (no ring)

@: quick
A: very small, claws 1, fangs 3, see invisible, speed 1, shaggy fur 1, stealthy
paws, no weapons or thrown items, no armour, multi-lived
a: no special abilities


You were on level 5 of the Dungeon.
You visited 1 branch of the dungeon, and saw 5 of its levels.

You collected 46 gold pieces.

Inventory:

Scrolls
 a - 2 scrolls of holy word {unknown}


   Skills:
 + Level 3.5 Fighting
 - Level 4.0 Dodging
 - Level 3.0 Stealth
 + Level 3.5 Unarmed Combat
 + Level 0.2 Translocations


You couldn't memorise any spells.
You knew the following spells:

 Your Spells              Type           Power      Damage    Failure   Level
a - Apportation           Tloc           0%         N/A       36%         1

Your spell library contained the following spells:

 Spells                   Type           Power      Damage    Failure   Level
 Animate Skeleton         Necr           0%         N/A       38%         1
 Corona                   Hex            0%         N/A       38%         1
 Summon Small Mammal      Summ           0%         N/A       38%         1


Dungeon Overview and Level Annotations

Branches:
Dungeon (5/15)
 Temple: D:4-7

Altars:
Nemelex Xobeh


Innate Abilities, Weirdness & Mutations

You have sharp claws.
You have razor-sharp teeth.
You have supernaturally acute eyesight. (SInv)
You cover ground quickly. (Speed+)
You are covered in fur. (AC +1)
Your stealthy paws help you sneak and pounce on unaware monsters.
You are incapable of wielding weapons or throwing items.
You cannot wear armour.
You gain extra lives every three experience levels.


Message History

You barely miss the bat. The bat hits you but does no damage.
The bat closely misses you.
You scratch the bat.
The bat is moderately wounded.
The bat hits you but does no damage. The bat closely misses you.
You scratch the bat.
You kill the bat!
You see here a bat corpse.
You aren't carrying any potions.
Found 25 arrows and 2 scrolls labelled ASONLU RACK.
Found 9 gold pieces.
You see here 9 gold pieces.
You now have 31 gold pieces (gained 9).
Memorise Apportation, consuming 1 spell level and leaving 0?
You start memorising the spell.
You continue memorising.
You finish memorising.
Spell assigned to 'a'.
You see here 2 scrolls labelled ASONLU RACK.
a - 2 scrolls labelled ASONLU RACK An orc comes into view.
You pounce on the unaware helpless orc!
You mangle the orc!!
You kill the orc!
Found 15 gold pieces.
Found a club.
Found a stone staircase leading down.
A ball python comes into view.
Found 12 gold pieces.
Found a hand axe.
You see here 15 gold pieces.
You now have 46 gold pieces (gained 15).
Press: ? - help, v - describe, . - travel The floor.
There is a stone staircase leading down here.
You climb downwards. 2 orcs, an orc priest and an orc wizard come into view.
The orc wizard is wielding a +0 dagger and wearing a +2 robe of cold resistance.
The orc wizard shouts!
The orc shouts!
Found 5 gold pieces.
There is a stone staircase leading up here.
The orc wizard hits you with a +0 dagger.
You die...

#+##
#...#.
#......
##.......
#@.......
+.oo.....
#.o......
##..o....
.....$#
#....##
#.+## ..


You could see an orc priest (wandering), an orc wizard and 2 orcs.

Vanquished Creatures
  An adder (D:3)
  An ooze (D:2)
  2 orcs
  A giant cockroach (D:2)
  6 bats
  A frilled lizard (D:1)
  A kobold (D:2)
13 creatures vanquished.

Notes
Turn   | Place    | Note
-------+----------+-------------------------------------------
     0 | D:1      | CurlyBrace the Felid Monk began the quest for the Orb.
     0 | D:1      | Reached XP level 1. HP: 10/10 MP: 2/2
   256 | D:2      | Reached XP level 2. HP: 10/14 MP: 3/3
   257 | D:2      | Found a sparkling altar of Nemelex Xobeh.
   352 | D:4      | Learned a level 1 spell: Apportation
   375 | D:5      | Entered Level 5 of the Dungeon
   376 | D:5      | Slain by an orc wizard

Illustrated notes

Levels and vault maps discovered:
D:1:      scummos_arrival_star, layout_loops_ring, cheibriados_altar_1
D:2:      minmay_chambers_of_twos, layout_loops_ring, nemelex_dance_club_becter
D:3:      minmay_recursive_quarters, layout_rooms,
          chequers_ecumenical_altar_lobes, grunt_ministairs_8,
          nicolae_tso_carved_into_rock, uniq_natasha, uniq_jessica, uniq_sigmund
D:4:      minmay_chambers_of_threes, layout_basic, grunt_temple_overflow_open,
          kennysheep_small_circle, uniq_crazy_yiuf_cottage
D:5:      layout_loops_corners, nicolae_kikubaaqudgha_miasma_corner,
          serial_co_window_serial, co_window_of_opportunity_a,
          co_window_corner_a, co_window_paths_b, co_window_corner_a,
          co_window_corner_a, co_window_broadway_a, co_window_of_opportunity_c,
          co_window_broadway_a, co_window_paths_d, glass_columns_a,
          glass_columns_a, glass_columns_c, minmay_divided_ellipse, uniq_ijyb,
          uniq_duvessa

Skill      XL: |  1 |
---------------+----+-----
Stealth        | 3 |  3.0
Fighting       | |  3.5
Dodging        | |  4.0
Unarmed Combat | |  3.5
Translocations | |  0.2

Action                   || total
-------------------------++-------
Melee: Unarmed           ||    29
       Bite              ||     2
  Use: Scroll            ||     2
       Potion            ||     1
 Stab: Sleeping          ||     8
Armor: Skin              ||     6
Dodge: Dodged            ||    19

Table legend: (Time is in decaauts)
 A = Elapsed time spent in this place.
 B = Non-inter-level travel time spent in this place.
 C = Inter-level travel time spent in this place.
 D = Time resting spent in this place.
 E = Time spent auto-exploring this place.
 F = Levels seen in this place.
 G = Mean time per level.
                   A        B        C        D        E       F      G
               +--------+--------+--------+--------+--------+-----+--------+
         Total |    312 |    312 |      0 |      0 |      0 |   5 |   62.4 |
       Dungeon |    312 |    312 |      0 |      0 |      0 |   5 |   62.4 |
               +--------+--------+--------+--------+--------+-----+--------+

Top non-repeatable levels by time:
     D:2: 200 daAuts
     D:3: 38 daAuts
     D:1: 38 daAuts
     D:4: 34 daAuts
     D:5: 0 daAuts
